 Dungeon Crawl Stone Soup version 0.31.0-11-ge490571c62 (webtiles) character file.

Game seed: 14151934932339712322

386 Amelense the Ruffian (level 6, -4/54 HPs)
             Began as a Troll Shapeshifter on Feb 7, 2024.
             Was an Initiate of Wu Jian.
             Shot with an arrow by an orc warrior (18 damage)
             ... on level 5 of the Dungeon.
             The game lasted 00:18:41 (3569 turns).

Amelense the Ruffian (Troll Shapeshifter)           Turns: 3569, Time: 00:18:41

Health: -4/54      AC:  7    Str: 25    XL:     6   Next: 48%
Magic:  14/14      EV:  9    Int:  6    God:    Wu Jian [......]
Gold:   246        SH:  0    Dex:  9    Spells: 5/5 levels left

rFire   + .          .
                       - Unarmed
rCold   + . .        (no shield)
rNeg    . . .        a - +0 animal skin
rPois   +            (helmet currently unavailable)
rElec   +            (cloak currently unavailable)
rCorr   +            (gloves unavailable)
SInv    .            (boots unavailable)
Will    .....        (no amulet)
Stlth   +            q - ring of magical power
HPRegen 1.09/turn    (no ring)
MPRegen 0.14/turn

%: clarity
@: beast-form, resistant
A: beast (slay +2), large, unfitting armour, claws 3, regeneration 1, shaggy fur
2, tough skin 1, iridescent scales 1, clarity
a: Begin Untransformation, Renounce Religion


You were on level 5 of the Dungeon.
You worshipped Wu Jian.
Wu Jian was noncommittal.
You were a hulking beast.
You visited 2 branches of the dungeon, and saw 6 of its levels.

You collected 246 gold pieces.

Inventory:

Armour
 a - a +0 animal skin (worn)
Jewellery
 q - a ring of magical power (left claw)
 w - a +6 ring of dexterity
Talismans
 c - a beast talisman (active)
 d - a flux talisman
 o - a maw talisman
Wands
 u - a wand of roots (7)
Scrolls
 e - 2 scrolls of enchant weapon
 g - 6 scrolls of identify
 h - a scroll of acquirement {unknown}
 i - a scroll of torment {unknown}
 j - a scroll of summoning {unknown}
 k - a scroll of fear {unknown}
 p - a scroll of brand weapon {unknown}
 r - 2 scrolls of immolation {unknown}
 s - 2 scrolls of teleportation {unknown}
 v - a scroll of revelation {unknown}
Potions
 b - a potion of lignification
 l - 2 potions of resistance
 m - a potion of mutation
 n - a potion of heal wounds {unknown}
 t - a potion of curing


   Skills:
 - Level 0.7 Fighting
 - Level 1.5 Dodging
 + Level 5.8 Unarmed Combat
 * Level 5.0 Shapeshifting


You had 5 spell levels left.
You didn't know any spells.
Your spell library contained the following spells:

 Spells                   Type           Power      Damage    Failure   Level
 Apportation              Tloc           0%         N/A       45%         1
 Freeze                   Ice            0%         1d3       45%         1
 Sandblast                Erth           0%         2d4       45%         1
 Jinxbite                 Hex            0%         N/A       58%         2
 Frozen Ramparts          Ice            0%         1d1       83%         3
 Hailstorm                Conj/Ice       0%         3d5       83%         3
 Passwall                 Erth           0%         N/A       83%         3
 Stone Arrow              Conj/Erth      0%         3d7       83%         3
 Brom's Barrelling Bould  Conj/Erth      0%         2d3       99%         4
 Ignite Poison            Fire/Alch      0%         N/A       99%         4
 Sticky Flame             Fire/Alch      0%         2d4       99%         4
 Alistair's Intoxication  Alch           0%         N/A       100%        5
 Ignition                 Fire           0%         3d3       100%        8


Dungeon Overview and Level Annotations

Branches:
Dungeon (5/15)             Temple (1/1) D:4

Altars:
Ashenzari
Dithmenos
Elyvilon
Fedhas
Gozag
Hepliaklqana
Kikubaaqudgha
Makhleb
Qazlal
Ru
Vehumet
Wu Jian
Yredelemnul
Zin

Annotations:
D:4 exclusion: statue


Innate Abilities, Weirdness & Mutations

You are a hulking beast.
Your limbs bulge with bestial killing power. (Slay +2)
You are too large for most types of armour.
You have claws for hands.
Your natural rate of healing is unusually fast.
You are covered in thick fur. (AC +2)
You have tough skin. (AC +1)
You are partially covered in iridescent scales. (AC +2)
You possess an exceptional clarity of mind.


Message History

An orc warrior is nearby!
An orc warrior is nearby!
An orc warrior is nearby!
An orc warrior is nearby!
An orc warrior is nearby!
An orc warrior is nearby!
An orc warrior is nearby!
An orc warrior is nearby!
An orc warrior is nearby!
An orc warrior is nearby!
An orc warrior is nearby!
An orc warrior is nearby!
An orc warrior is nearby!
An orc warrior is nearby!
An orc warrior is nearby!
You feel sick.
The orc warrior shoots an arrow.
The arrow hits you.
You feel sick.
The orc warrior shoots an arrow.
The arrow closely misses you.
You feel sick.
The orc warrior shoots an arrow.
The arrow barely misses you.
You feel sick.
The orc warrior shoots an arrow.
The arrow hits you!
You feel sick.
The orc warrior shoots an arrow.
The arrow hits you!
* * * LOW HITPOINT WARNING * * *
It was a potion of resistance.
You feel protected.
You feel sick.
The orc warrior shoots an arrow.
The arrow hits you.
* * * LOW HITPOINT WARNING * * *
It was a potion of mutation.
You feel extremely strange.
Your fur grows into a thick mane.
Iridescent scales grow over part of your body.
Your thoughts seem clearer.
You feel sick.
It was a potion of curing.
You feel better.
The orc warrior shoots an arrow.
The arrow hits you.
* * * LOW HITPOINT WARNING * * *
The orc warrior shoots an arrow.
The arrow closely misses you.
The orc warrior shoots an arrow.
The arrow hits you!
* * * LOW HITPOINT WARNING * * *
The air fills with toxic fumes!
As you read the scroll of poison, it crumbles to dust.
You open the door.
The orc warrior shoots an arrow.
The arrow hits you!!
You die...

############
#.##...§§°§######
#..[....§§§§o.o.#
#.#...###§§####..#
#######.#...#_'h.#
...#
#.......#...###§§#
o♣.#
#.###.).......§§##
_...#
#)#####..§§§# .♣
.# #.# #.#§#§# ..
# #.# #.#§§§# #)
#<# #.#.###
.............. .
############.# .


You could see an orc warrior.

Vanquished Creatures
  A scorpion (D:4)
  A bombardier beetle (D:4)
  A hound (D:4)
  3 jellies
  A sleepcap (D:4)
  4 gnolls (D:5)
  4 adders
  A dart slug (D:4)
  2 ribbon worms (D:2)
  6 orcs
  5 endoplasms
  A giant cockroach (D:4)
  4 goblins
  6 hobgoblins
  4 quokkas
  8 ball pythons
  7 bats
  3 frilled lizards
  9 kobolds
  4 rats
75 creatures vanquished.

Notes
Turn   | Place    | Note
-------+----------+-------------------------------------------
     0 | D:1      | Amelense the Troll Shapeshifter began the quest for the
                  | Orb.
     0 | D:1      | Reached XP level 1. HP: 18/18 MP: 0/0
   163 | D:1      | Reached XP level 2. HP: 26/26 MP: 1/1
   880 | D:2      | Reached XP level 3. HP: 32/32 MP: 2/2
   893 | D:2      | Found a burning altar of Makhleb.
  1683 | D:3      | Reached XP level 4. HP: 19/40 MP: 3/3
  2111 | D:3      | Found a blossoming altar of Fedhas.
  2525 | D:4      | Found a radiant altar of Vehumet.
  2525 | D:4      | Noticed a frost-covered statue
  2549 | D:4      | Found a staircase to the Ecumenical Temple.
  2571 | Temple   | Entered the Ecumenical Temple
  2762 | D:4      | Noticed a scorpion
  2765 | D:4      | Identified the +1 pair of gloves of Qazlal's Vengeance {rC+
                  | Regen+ Slay+3}
  2770 | D:4      | Killed a scorpion
  2771 | D:4      | Reached XP level 5. HP: 42/46 MP: 4/4
  2866 | D:4      | Found a glowing silver altar of Zin.
  2866 | D:4      | Noticed an angel
  3167 | D:4      | Reached skill level 5 in Unarmed Combat
  3213 | D:4      | Reached XP level 6. HP: 42/54 MP: 5/5
  3281 | D:4      | Found an ornate altar of the Wu Jian Council.
  3288 | D:4      | Became a worshipper of the Wu Jian Council
  3472 | D:5      | Entered Level 5 of the Dungeon
  3493 | D:5      | Reached skill level 5 in Shapeshifting
  3549 | D:5      | Found a shadowy altar of Dithmenos.
  3549 | D:5      | Noticed an orc warrior
  3559 | D:5      | Gained mutation: You are covered in thick fur. (AC +2)
                  | [potion of mutation]
  3559 | D:5      | Gained mutation: You are partially covered in iridescent
                  | scales. (AC +2) [potion of mutation]
  3559 | D:5      | Gained mutation: You possess an exceptional clarity of
                  | mind. [potion of mutation]
  3569 | D:5      | Found a basalt altar of Yredelemnul.
  3569 | D:5      | Shot with an arrow by an orc warrior

Illustrated notes

Levels and vault maps discovered:
D:1:      nicolae_arrival_washed_ashore, layout_loops_ring
D:2:      layout_basic, basic_altar, kennysheep_cross_room,
          minmay_small_reverse_x
D:3:      layout_loops_ring, fedhas_ov_isle_minmay,
          chequers_serial_rivers_room_a
D:4:      layout_gridville, nzn_wu_jian_council_hall, zin_angel, vehumet_statue,
          minmay_temple_entry_statues_fountains, minivault_11,
          minmay_misc_feat_five, dreamdust_mushroom_princess
D:5:      layout_basic, mainiacjoe_overflow_24_doors, kennysheep_mini_moat,
          overflow_temple_1_default, hangedman_feature_mirror,
          grunt_ministairs_9, minivault_19, minmay_quadrilaterals
Temple:   nicolae_temple_godpark

Skill      XL: |  1  2  3  4  5  6 |
---------------+-------------------+-----
Unarmed Combat | 4 5 |  5.8
Shapeshifting  | 4 5 |  5.0
Fighting       | |  0.7
Dodging        | |  1.5

Action                     |  1- 3 |  4- 6 || total
---------------------------+-------+-------++-------
  Melee: Unarmed           |   101 |    72 ||   173
         Punch             |     1 |     2 ||     3
Ability: Lunge             |       |     2 ||     2
    Use: Scroll            |       |     4 ||     4
         Potion            |       |     3 ||     3
   Stab: Sleeping          |     1 |       ||     1
 Armour: Animal skin       |   101 |    48 ||   149
  Dodge: Dodged            |    56 |    26 ||    82
   Form: Beast             |     1 |     2 ||     3
         Maw               |       |     1 ||     1
                           |       |     1 ||     1
